AoeStats
← p.bertin

Arabia

507756531Analyzed
1v1 RM · 11d ago on Sep 19, 2026· 69m 12s· 2 players
Game mode
Random Map
Map size
Tiny (2 player)
Population
200
Speed
Normal
Resources
Standard
Victory
Conquest
Starting age
Dark Age
Ending age
Imperial Age
RankedLock teamsTeams togetherTeam positionsShared explorationLock speedFull tech treeHidden civsTurbo modeCheats
Victory
Defeat
🇧🇪 Vietnamese · Belgium
1170
+15
🇫🇷 Burgundians · France
1157
-15
Arcantique
3:27 Double-Bit Axe
7:14 Loom
9:44 Feudal Age
9:38 Horse Collar
17:00 Fletching
19:52 Arson
24:02 Castle Age
23:39 Scale Mail Armor
24:10 Bow Saw
24:02 Heavy Plow
25:36 Scale Barding Armor
26:50 Wheelbarrow
26:36 Husbandry
30:00 Hand Cart
30:17 Crop Rotation
30:48 Two-Man Saw
29:40 Gold Mining
30:50 Stone Mining
31:20 Bodkin Arrow
31:46 Chain Barding Armor
32:40 Cavalier
33:50 Elite Skirmisher
39:37 Imperial Age
38:22 Forging
40:13 Gold Shaft Mining
41:15 Plate Barding Armor
41:38 Bracer
42:09 Town Watch
44:57 Paladin
49:35 Padded Archer Armor
52:20 Ballistics
53:02 Chemistry
53:26 Conscription
53:06 Onager
54:51 Light Cavalry
55:49 Leather Archer Armor
56:10 Iron Casting
55:47 Burgundian Vineyards
56:21 Hoardings
55:52 Hussar
56:39 Town Patrol
60:00 Murder Holes
p.bertin
6:16 Loom
9:39 Feudal Age
10:15 Double-Bit Axe
13:25 Fletching
20:20 Castle Age
18:54 Padded Archer Armor
18:39 Horse Collar
20:08 Scale Barding Armor
20:46 Bloodlines
21:59 Gold Mining
22:15 Heavy Plow
23:02 Bow Saw
24:11 Bodkin Arrow
26:42 Forging
28:49 Town Watch
29:39 Wheelbarrow
30:01 Squires
30:04 Scale Mail Armor
33:42 Iron Casting
37:53 Arson
42:42 Imperial Age
41:35 Ballistics
42:17 Chain Mail Armor
42:23 Chain Barding Armor
41:44 Pikeman
42:46 Halberdier
44:35 Plate Mail Armor
44:23 Bracer
44:49 Light Cavalry
47:24 Leather Archer Armor
49:54 Hand Cart
49:42 Town Patrol
50:47 Two-Man Saw
50:30 Crop Rotation
50:20 Husbandry
50:53 Ring Archer Armor
51:04 Elite Fire Lancer
52:20 Plate Barding Armor
53:07 Chemistry
52:00 Guard Tower
53:03 Murder Holes
53:19 Fortified Wall
52:55 Arrowslits
53:16 Siege Engineers
52:54 Treadmill Crane
53:50 Paper Money
58:31 Keep
59:48 Hoardings
61:22 Cavalier
68:23 Elite Skirmisher
Connection lost

Rejoining the realm…

Still unreachable

The connection could not be restored.

Session expired

The server has moved on; the page needs a fresh start.